Map: Heavy Artillery LE

Players

Enigma - Winner!

  • Race: Terran Terran
  • League: Diamond
  • Spawn Location: 3:00

BIZON - Winner!

  • Race: Protoss Protoss
  • Spawn Location: 1:00

Massa

  • Race: Terran Terran
  • League: Platinum
  • Spawn Location: 7:00

qqq

  • Race: Zerg Zerg
  • League: Platinum
  • Spawn Location: 7:00

VOD

Have the link to the VOD?

Description

Time

  • Played on: Jan. 12, 2021, 10:04 a.m.
  • Length: 16:46
Show
View Real Time Build Order
Export as new Build Order

Enigma Terran - Winner!

Build Orders: Reaper Expand 

Get SALT Encoding   

  12  0:00  SCV  
  13  0:13  SCV  
  14  0:18  Supply Depot  
  14  0:25  SCV  
  15  0:41  Barracks  
  15  0:46  SCV  
  15  0:48  Refinery  
  16  0:58  SCV  
  17  1:10  SCV  
  18  1:23  SCV  
  19  1:28  Refinery  
  19  1:35  Orbital Command  
  19  1:45  Command Center  
  19  1:48  Reaper  
  20  2:07  SCV  
  21  2:14  Supply Depot  
  21  2:20  SCV, Marine  
  23  2:27  Factory  
  23  2:36  SCV  
  24  2:38  Marine  
  25  2:45  Supply Depot  
  25  2:48  SCV  
  26  2:55  Marine  
  27  3:00  Orbital Command  
  27  3:20  Factory Tech Lab  
  27  3:24  Marine  
  27  3:25  Starport  
  28  3:29  SCV x2  
  30  3:42  Marine  
  31  3:48  Siege Tank  
  31  3:52  SCV  
  31  3:53  SCV  
  36  4:04  SCV  
  36  4:06  Orbital Command  
  37  4:14  Viking  
  39  4:23  Command Center, Siege Tank  
  42  4:26  Marine  
  43  4:41  Supply Depot  
  43  4:44  Marine  
  40  4:51  Supply Depot  
  35  4:53  Supply Depot  
  34  5:10  Marine  
  35  5:15  Siege Tank  
  35  5:16  Liberator  
  35  5:21  Engineering Bay  
  41  5:23  SCV  
  42  5:35  SCV  
  43  5:38  Factory  
  43  5:42  Marine  
  44  5:55  Siege Tank  
  41  6:23  Factory Reactor  
  41  6:34  Missile Turret  
  41  6:35  Missile Turret  
  41  6:37  Orbital Command  
  37  6:52  Missile Turret  
  37  7:01  Siege Tank  
  37  7:02  Hellion x2  
  37  7:03  Starport Reactor  
  37  7:05  Supply Depot  
  43  7:21  SCV  
  44  7:30  SCV  
  44  7:33  SCV  
  44  7:34  Command Center, Planetary Fortress  
  46  7:42  SCV  
  47  7:45  SCV  
  46  7:54  SCV  
  46  7:57  SCV  
  48  8:02  Armory  
  48  8:06  Neosteel Armor, SCV  
  48  8:09  SCV  
  50  8:19  SCV  
  48  8:21  SCV  
  48  8:24  Missile Turret  
  49  8:31  SCV  
  46  8:47  Missile Turret  
  46  8:48  Missile Turret  
  46  8:51  Refinery, SCV x2  
  46  8:53  Refinery  
  48  9:03  SCV x2  
  50  9:16  SCV x2  
  52  9:18  SCV  
  53  9:28  SCV x2  
  53  9:30  SCV  
  56  9:37  Missile Turret  
  56  9:39  Missile Turret  
  56  9:40  SCV x2  
  56  9:41  Viking x2  
  56  9:43  Missile Turret, Siege Tank  
  56  9:44  Hellion x2  
  69  9:46  Terran Ship Weapons Level 1  
  69  9:48  Armory  
  69  9:50  Hi-Sec Auto Tracking, Factory  
  69  9:59  SCV x2  
  68  10:09  SCV x2  
  70  10:27  Starport  
  70  10:30  Starport  
  70  10:32  Planetary Fortress  
  70  10:36  Missile Turret  
  70  10:41  Viking x2  
  74  10:44  Factory Reactor  
  74  10:50  Cyclone  
  74  10:52  Hellion x2  
  74  10:54  Terran Vehicle And Ship Armor Level 1  
  74  10:56  Missile Turret  
  81  11:00  SCV x2  
  81  11:13  Hellion  
  81  11:16  Missile Turret  
  81  11:40  Viking x2  
  81  11:41  Widow Mine  
  81  11:42  Widow Mine x2, Siege Tank  
  81  11:43  SCV  
  81  11:45  Starport Tech Lab x2  
  93  12:01  SCV x2  
  92  12:03  Terran Ship Weapons Level 2  
  92  12:04  Corvid Reactor  
  93  12:10  Refinery  
  93  12:11  Refinery  
  93  12:16  SCV x2, Missile Turret  
  93  12:17  SCV x2, Missile Turret  
  93  12:18  Missile Turret x2  
  93  12:21  Refinery  
  97  12:30  Missile Turret  
  97  12:36  SCV x2  
  99  12:42  Armory  
  99  12:44  Supply Depot x2  
  99  12:45  Supply Depot  
  99  12:47  Supply Depot  
  99  12:48  Supply Depot  
  99  12:51  Missile Turret  
  99  13:00  Hellion  
  99  13:03  Viking  
  99  13:05  Hellion x2, Viking x2  
  107  13:06  Terran Vehicle And Ship Armor Level 2, Hellion x2  
  111  13:22  SCV x3, Hellion  
  116  13:28  SCV  
  116  13:29  Refinery  
  116  13:34  SCV x2  
  115  13:53  Raven  
  115  13:54  Raven  
  115  13:55  Viking x2  
  116  14:19  Command Center  
  116  14:21  Missile Turret  
  116  14:22  Missile Turret  
  116  14:23  Missile Turret  
  114  14:25  Viking  
  114  14:56  Infernal Pre-Igniter  
  106  15:40  Planetary Fortress  
  106  15:47  Raven  
  106  15:48  Raven  
  106  15:49  Viking x2  
  114  16:05  Hellion x5  
  124  16:19  Starport x2  
  124  16:24  Command Center  
  124  16:25  Command Center  
Show
View Real Time Build Order
Export as new Build Order

BIZON Protoss - Winner!

Build Orders: 1 Gate Expand, Phoenix Opening, Carriers 

Get SALT Encoding   

  12  0:00  Probe  
  13  0:13  Probe  
  14  0:20  Pylon  
  14  0:26  Probe (Chrono Boost)  
  15  0:38  Probe (Chrono Boost)  
  16  0:48  Gateway  
  16  0:52  Probe (Chrono Boost)  
  17  1:04  Probe (Chrono Boost)  
  18  1:13  Probe (Chrono Boost)  
  19  1:19  Probe  
  20  1:26  Nexus  
  20  1:36  Assimilator  
  20  1:39  Assimilator  
  20  1:54  Cybernetics Core  
  20  1:57  Pylon  
  20  2:03  Probe  
  20  2:15  Probe (Chrono Boost)  
  21  2:25  Probe (Chrono Boost)  
  22  2:30  Probe (Chrono Boost)  
  22  2:31  Pylon  
  22  2:35  Stargate  
  23  2:39  Assimilator  
  23  2:41  Probe (Chrono Boost)  
  23  2:43  Assimilator  
  25  2:47  Probe (Chrono Boost)  
  25  2:51  Probe (Chrono Boost)  
  26  2:55  Probe (Chrono Boost)  
  26  2:56  Probe (Chrono Boost)  
  28  3:05  Stargate  
  28  3:11  Probe (Chrono Boost)  
  30  3:15  Probe (Chrono Boost)  
  31  3:21  Probe (Chrono Boost)  
  31  3:22  Phoenix  
  31  3:25  Probe (Chrono Boost)  
  31  3:26  Probe (Chrono Boost)  
  34  3:34  Forge  
  35  3:35  Probe  
  35  3:37  Probe  
  37  3:43  Sentry  
  39  3:52  Phoenix (Chrono Boost)  
  41  3:56  Phoenix (Chrono Boost)  
  43  4:04  Probe x2  
  45  4:16  Probe x2  
  49  4:21  Phoenix (Chrono Boost)  
  49  4:28  Probe x2  
  51  4:40  Probe x2  
  53  4:52  Probe  
  54  5:17  Pylon  
  54  5:21  Pylon  
  54  5:23  Pylon  
  54  5:27  Fleet Beacon  
  54  5:29  Photon Cannon  
  54  5:31  Photon Cannon  
  54  5:35  Phoenix x2  
  58  6:00  Phoenix  
  58  6:02  Stargate  
  60  6:14  Protoss Air Weapons Level 1  
  60  6:20  Carrier  
  66  6:26  Carrier  
  72  6:56  Shield Battery  
  72  7:02  Pylon  
  72  7:04  Pylon  
  72  7:06  Pylon  
  72  7:27  Carrier  
  78  7:38  Carrier x2  
  90  7:55  Pylon  
  90  7:57  Pylon  
  90  7:59  Nexus  
  90  8:03  Pylon  
  90  8:05  Assimilator  
  89  8:24  Protoss Air Weapons Level 2 (Chrono Boost)  
  89  8:31  Carrier  
  95  8:42  Carrier  
  95  9:18  Probe (Chrono Boost)  
  98  9:26  Carrier  
  98  9:28  Probe x3 (Chrono Boost)  
  105  9:32  Probe (Chrono Boost)  
  105  9:35  Probe x2  
  108  9:40  Assimilator  
  108  9:44  Probe  
  109  9:47  Probe x2  
  111  9:56  Probe  
  111  9:57  Cybernetics Core  
  111  9:59  Probe  
  114  10:00  Probe  
  114  10:08  Probe  
  114  10:11  Probe  
  114  10:12  Probe  
  117  10:29  Carrier x2  
  127  10:46  Carrier  
  133  11:01  Protoss Air Armor Level 1 (Chrono Boost)  
  133  11:02  Stargate  
  133  11:04  Protoss Air Weapons Level 3 (Chrono Boost)  
  133  11:06  Stargate  
  133  11:09  Stargate  
  133  11:23  Carrier x2  
  139  12:00  Photon Cannon  
  139  12:02  Photon Cannon  
  139  12:04  Photon Cannon  
  139  12:08  Photon Cannon  
  139  12:11  Shield Battery  
  139  12:15  Shield Battery  
  139  12:20  Shield Battery  
  139  12:22  Shield Battery, Nexus  
  139  12:24  Pylon  
  139  12:27  Pylon  
  139  12:30  Pylon  
  139  12:32  Pylon  
  139  12:33  Probe x2  
  139  12:34  Assimilator  
  141  12:38  Assimilator  
  141  12:42  Carrier  
  147  12:47  Carrier (Chrono Boost)  
  147  12:49  Carrier (Chrono Boost)  
  171  12:52  Carrier (Chrono Boost)  
  171  12:54  Carrier (Chrono Boost)  
  171  13:14  Photon Cannon  
  171  13:17  Photon Cannon  
  171  13:20  Photon Cannon  
  171  13:22  Photon Cannon  
  171  13:23  Pylon  
  171  13:24  Pylon  
  171  13:25  Shield Battery  
  171  13:26  Pylon  
  171  13:28  Shield Battery, Pylon  
  171  13:30  Shield Battery  
  171  13:31  Carrier (Chrono Boost)  
  171  13:32  Pylon  
  177  13:38  Photon Cannon  
  177  13:41  Photon Cannon  
  177  13:46  Photon Cannon  
  182  13:51  Protoss Air Armor Level 2 (Chrono Boost)  
  182  13:53  Carrier (Chrono Boost)  
  182  13:55  Carrier (Chrono Boost)  
  188  14:05  Carrier  
  194  14:30  Carrier  
  200  14:47  Robotics Facility  
  194  15:17  Carrier x2  
  186  15:27  Carrier x2  
  192  15:48  Observer  
  193  16:09  Observer  
Show
View Real Time Build Order
Export as new Build Order

Massa Terran 

Build Orders: 1/1/1 

Get SALT Encoding   

  12  0:00  SCV  
  13  0:12  SCV  
  14  0:25  Supply Depot  
  14  0:26  SCV  
  15  0:46  SCV  
  15  0:48  Barracks  
  16  0:51  Refinery  
  16  0:53  Refinery  
  16  0:58  SCV  
  17  1:10  SCV  
  18  1:22  SCV  
  19  1:35  SCV  
  19  1:37  Factory  
  19  1:38  Marine  
  22  1:47  SCV  
  22  1:56  Reaper  
  22  1:59  Orbital Command  
  23  2:04  Supply Depot  
  23  2:26  Starport  
  23  2:32  Starport  
  23  2:34  SCV  
  24  2:46  SCV, Hellion  
  27  2:59  SCV  
  27  3:03  Starport Tech Lab  
  28  3:08  Starport Tech Lab  
  28  3:22  Supply Depot  
  28  3:23  Banshee  
  31  3:33  Supply Depot  
  31  3:39  Factory Tech Lab  
  31  3:44  Banshee  
  34  3:48  Barracks Tech Lab  
  33  4:13  Cloaking Field  
  36  4:25  Marine  
  36  4:27  Command Center  
  36  4:30  Widow Mine  
  41  4:43  Marine  
  37  5:10  Marine  
  37  5:11  Widow Mine  
  40  5:20  SCV  
  41  5:28  Marine  
  42  5:31  Banshee  
  42  5:32  SCV, Banshee  
  42  5:33  Siege Tank  
  42  5:34  Barracks  
  46  5:35  Barracks  
  46  5:40  Stimpack  
  46  5:47  Marine  
  47  5:58  Starport  
  47  6:03  Orbital Command  
  48  6:04  SCV  
  48  6:05  Marine  
  48  6:10  Barracks x2  
  49  6:12  Barracks  
  49  6:16  SCV  
  50  6:19  Banshee x2  
  56  6:28  SCV  
  49  6:52  Cyclone  
  49  6:53  Barracks Reactor, Barracks Tech Lab  
  52  6:58  Marine  
  52  7:00  Barracks Reactor  
  53  7:02  SCV x2  
  55  7:16  Banshee x2  
  55  7:21  Command Center  
  61  7:24  Refinery, SCV  
  61  7:25  Refinery  
  62  7:35  Supply Depot  
  62  7:36  Supply Depot  
  62  7:37  Concussive Shells  
  62  7:50  SCV x2  
  50  8:43  Starport Reactor  
  50  8:48  Starport x2  
  50  8:49  Starport  
  50  8:57  SCV x2  
  52  9:07  SCV  
  52  9:09  SCV x2  
  55  9:11  Engineering Bay  
  55  9:18  Engineering Bay  
  55  9:19  SCV  
  55  9:23  Medivac x2  
  60  9:25  Viking  
  60  9:27  Starport Tech Lab  
  62  9:34  SCV x3  
  65  9:41  Armory  
  65  9:43  Refinery, Marine  
  65  9:44  Marauder x2, Marine x4  
  74  9:46  Barracks Reactor, SCV x2  
  74  9:47  Armory  
  77  9:58  SCV  
  77  10:00  Missile Turret  
  77  10:01  Marine, Missile Turret  
  77  10:02  Marine x4  
  77  10:05  Marauder x2  
  86  10:07  Missile Turret  
  86  10:10  Refinery, SCV x3  
  87  10:18  Missile Turret  
  87  10:19  Marine  
  87  10:20  Missile Turret  
  88  10:21  Missile Turret  
  88  10:22  SCV x3  
  88  10:26  Marauder  
  88  10:27  Marauder  
  93  10:38  Terran Infantry Weapons Level 1  
  93  10:40  Supply Depot x2  
  93  10:42  Supply Depot  
  93  10:50  Barracks Tech Lab  
  93  10:54  Starport Tech Lab  
  93  10:56  Corvid Reactor  
  93  11:01  Banshee x2  
  93  11:02  Widow Mine  
  101  11:05  Planetary Fortress  
  101  11:14  Command Center  
  101  11:21  Combat Shield  
  101  11:23  Marauder x2, Marine x3  
  108  11:26  SCV  
  108  11:27  SCV  
  110  11:35  Terran Infantry Armor Level 1  
  110  11:39  SCV x2  
  112  11:42  Terran Vehicle Weapons Level 1  
  112  11:44  Banshee, Terran Vehicle And Ship Armor Level 1  
  115  11:50  Supply Depot  
  115  11:51  SCV, Supply Depot  
  116  11:55  Supply Depot  
  116  11:57  Supply Depot  
  116  11:58  Supply Depot  
  116  12:01  SCV  
  117  12:12  SCV x2, Marauder, Siege Tank  
  117  12:13  Banshee, SCV  
  128  12:28  Orbital Command  
  128  12:29  SCV x2  
  131  12:30  SCV  
  131  12:41  SCV  
  131  12:42  SCV x2  
  131  12:43  Factory, Thor  
  140  12:44  Factory  
  140  12:54  SCV  
  140  12:57  Smart Servos  
  141  13:03  Factory  
  141  13:04  Terran Infantry Weapons Level 2  
  141  13:12  SCV x2  
  143  13:13  SCV x2  
  143  13:15  Refinery  
  143  13:18  Refinery  
  145  13:24  SCV  
  145  13:25  Raven x2  
  145  13:26  Thor  
  156  13:27  Medivac  
  152  13:53  Command Center  
  149  14:15  Drilling Claws  
  146  14:27  Factory Tech Lab  
  146  14:28  Factory Tech Lab x2  
  146  14:29  Thor  
  152  14:33  Marine x9  
  161  14:44  Starport Reactor  
  161  14:45  Viking x3  
  163  14:46  Viking  
  163  14:50  Marine  
  163  14:51  Marine x2  
  172  15:04  Marine, Thor x2  
  172  15:05  Marine x5  
  178  15:08  Marine  
  178  15:09  Marine x2  
  178  15:12  Thor  
  187  15:16  Viking x2  
  187  15:18  Viking  
  187  15:27  Marauder, Marine  
  187  15:28  Marauder x2  
  186  15:34  Thor  
  185  15:37  Thor  
  185  15:38  Thor  
  184  15:49  Marauder  
  179  15:54  Marauder x2, Marine x6  
  179  15:56  Viking  
  187  16:07  Supply Depot x3  
  187  16:08  Supply Depot  
  187  16:09  Supply Depot  
  187  16:12  Supply Depot  
  187  16:21  Marine x2  
  187  16:23  Marine x4  
  187  16:24  Marine  
  187  16:29  Supply Depot  
  152  16:32  Supply Depot  
  152  16:35  Supply Depot  
Show
View Real Time Build Order
Export as new Build Order

qqq Zerg 

Build Orders: Hatch First, Zergling Baneling 

Get SALT Encoding   

  12  0:00  Drone  
  13  0:08  Drone  
  14  0:20  Overlord  
  14  0:48  Hatchery  
  13  0:52  Drone x2  
  13  0:55  Drone  
  16  1:12  Drone  
  16  1:17  Spawning Pool  
  16  1:24  Extractor  
  16  1:25  Drone  
  16  1:26  Drone  
  17  1:37  Drone  
  18  1:49  Drone  
  19  1:58  Drone  
  20  2:02  Drone  
  21  2:11  Queen  
  21  2:12  Queen  
  26  2:15  Drone  
  26  2:16  Baneling Nest  
  26  2:17  Drone  
  26  2:20  Zergling x2  
  27  2:26  Overlord  
  27  2:29  Drone  
  28  2:42  Overlord  
  28  2:55  Drone x3  
  31  3:00  Metabolic Boost, Zergling x2  
  31  3:03  Zergling x2  
  31  3:05  Baneling  
  33  3:07  Baneling  
  33  3:13  Zergling x2  
  33  3:14  Zergling x2  
  35  3:24  Zergling x2  
  35  3:25  Zergling x2  
  37  3:28  Zergling x2  
  37  3:29  Hatchery  
  37  3:30  Zergling x2  
  38  3:36  Zergling x2, Overlord  
  38  3:41  Zergling x4  
  41  3:45  Baneling x3  
  41  3:49  Zergling x2  
  41  3:50  Zergling x2  
  41  3:55  Overlord  
  43  4:05  Spore Crawler  
  43  4:07  Spore Crawler  
  41  4:13  Overlord  
  41  4:14  Zergling x4  
  41  4:15  Zergling x2  
  44  4:18  Baneling x2  
  44  4:19  Baneling  
  44  4:21  Baneling  
  44  4:22  Baneling  
  38  4:58  Lair  
  38  4:59  Drone x2, Zergling x6  
  43  5:00  Zergling x6  
  45  5:08  Baneling  
  45  5:10  Zergling x4, Overlord x2  
  45  5:12  Drone  
  45  5:14  Extractor  
  47  5:17  Extractor  
  46  5:22  Drone x3  
  46  5:26  Extractor  
  46  5:28  Drone x2  
  50  5:37  Drone x3  
  53  5:51  Drone x4  
  53  5:57  Drone x2  
  59  6:07  Spire  
  51  6:24  Zergling x8  
  55  6:25  Drone x2  
  55  6:26  Drone x4  
  55  6:27  Drone  
  57  6:51  Drone x4  
  57  6:52  Drone x3, Overlord  
  57  6:53  Overlord x3  
  62  7:11  Drone x4  
  66  7:16  Queen  
  66  7:17  Spore Crawler  
  66  7:19  Extractor x2  
  64  7:25  Mutalisk x2  
  64  7:26  Corruptor x2  
  64  7:27  Corruptor  
  74  7:31  Corruptor  
  76  7:40  Infestation Pit  
  76  7:41  Zerg Flyer Weapons Level 1  
  76  7:42  Drone  
  76  7:43  Drone x2  
  74  7:58  Corruptor  
  74  7:59  Mutalisk  
  74  8:02  Drone  
  79  8:23  Mutalisk  
  79  8:25  Zergling x14  
  79  8:26  Drone, Zergling x4  
  91  8:28  Drone  
  91  8:32  Hatchery  
  84  8:49  Hatchery  
  84  8:54  Hatchery  
  72  9:12  Corruptor x5  
  72  9:13  Corruptor  
  72  9:14  Drone x3  
  72  9:15  Drone x3  
  88  9:24  Corruptor, Hive  
  88  9:29  Drone  
  91  9:38  Zerg Flyer Armor Level 1  
  91  9:44  Corruptor  
  93  9:48  Corruptor  
  93  9:51  Zergling x12  
  101  9:56  Drone  
  101  9:57  Drone  
  103  10:08  Corruptor x2  
  105  10:21  Corruptor x2  
  109  10:33  Drone  
  109  10:34  Drone x7  
  109  10:35  Drone  
  118  10:39  Hatchery  
  118  10:42  Hatchery  
  115  10:50  Drone x3  
  115  10:51  Viper x2  
  112  11:33  Corruptor x4  
  112  11:34  Corruptor x2  
  112  11:37  Drone x6  
  112  11:38  Drone  
  131  11:41  Overlord x3  
  131  11:44  Spine Crawler  
  131  11:45  Queen  
  132  11:49  Overlord x3  
  129  11:59  Corruptor x3  
  129  12:01  Drone x6  
  138  12:02  Drone x2  
  143  12:09  Spine Crawler  
  143  12:10  Drone, Spore Crawler  
  143  12:14  Drone x2  
  143  12:15  Drone x5  
  148  12:19  Queen  
  148  12:20  Corruptor, Viper  
  148  12:21  Queen  
  158  12:32  Zerg Flyer Weapons Level 2  
  158  12:35  Zergling x14  
  165  12:41  Baneling x6  
  165  12:42  Baneling  
  165  12:44  Baneling  
  164  12:45  Baneling  
  164  12:47  Baneling  
  164  12:48  Spore Crawler  
  164  12:49  Spine Crawler, Baneling  
  162  12:51  Baneling  
  162  12:53  Baneling  
  162  12:54  Drone x5  
  162  12:55  Drone x9  
  162  12:56  Drone  
  162  12:58  Extractor  
  176  12:59  Extractor x2  
  176  13:01  Extractor  
  176  13:05  Baneling x6  
  173  13:06  Baneling  
  173  13:09  Spine Crawler  
  173  13:10  Spore Crawler  
  173  13:12  Extractor x2  
  170  13:13  Extractor  
  170  13:14  Extractor, Spore Crawler  
  147  14:07  Mutalisk x8  
  159  14:23  Spine Crawler  
  158  14:24  Spine Crawler  
  158  14:25  Drone x8  
  158  14:26  Drone x4  
  158  14:27  Spine Crawler  
  158  14:28  Spine Crawler  
  158  14:29  Corruptor x3  
  170  14:37  Overlord x4  
  166  14:46  Spore Crawler  
  165  14:57  Corruptor x2  
  165  14:58  Corruptor x3  
  140  15:24  Corruptor x5  
  120  15:28  Corruptor x2  
  120  15:29  Corruptor x2  
  120  15:31  Drone x4  
  120  15:32  Drone x5  
  137  15:46  Spore Crawler  
  136  15:52  Drone  
  136  15:53  Drone x2, Viper x2  
  122  16:13  Corruptor x3  
Tags
 
Add a new tag
Caveats
  • Supply blocks, unpowered buildings, or Contaminate may cause inaccurate times.
  • Supply counts are checked every 10 seconds.